 Dungeon Crawl Stone Soup version 0.18.1-47-g9310371 (webtiles) character file.

100 Gargoyl the Skirmisher (level 4, -1/37 HPs)
             Began as a Demonspawn Abyssal Knight on June 13, 2016.
             Was a Believer of Lugonu.
             Slain by aocescu's ghost (6 damage)
             ... on level 3 of the Dungeon.
             The game lasted 00:03:29 (2554 turns).

Gargoyl the Skirmisher (Demonspawn Abyssal Knight)  Turns: 2554, Time: 00:03:30

Health: -1/37      AC: 14    Str: 13    XL:     4   Next: 47%
Magic:  14/14      EV: -2    Int: 14    God:    Lugonu [**....]
Gold:   109        SH:  0    Dex: 16    Spells: 0 memorised, 3 levels left

rFire  . . .     SeeInvis .     a - +1 hand axe
rCold  . . .     Gourm    .     i - +0 plate armour
rNeg   . . .     Faith    .     (no shield)
rPois  .         Spirit   .     (no helmet)
rElec  .         Dismiss  .     (no cloak)
rCorr  .         Reflect  .     b - +2 pair of gloves
SustAt .         Harm     .     (no boots)
MR     .....                    (no amulet)
Stlth  ..........               (no ring)
                                o - ring of magical power

@: not resistant to hostile enchantments, extremely unstealthy
A: thin skeletal structure 2
a: Depart the Abyss, Bend Space, Renounce Religion


You were on level 3 of the Dungeon.
You worshipped Lugonu.
Lugonu was pleased with you.
You were hungry.

You visited 1 branch of the dungeon, and saw 3 of its levels.
You visited the Abyss 1 time.

You collected 109 gold pieces.

Inventory:

Hand Weapons
 a - a +1 hand axe (weapon)
Armour
 b - a +2 pair of gloves (worn)
 i - a +0 plate armour (worn)
Jewellery
 o - a ring of magical power (left hand)
Wands
 d - a wand of iceblast (5/15)
Scrolls
 e - a scroll of acquirement {unknown}
 f - 2 scrolls of magic mapping {unknown}
 j - a scroll of identify {unknown}
 m - a scroll of blinking {unknown}
 n - 2 scrolls of amnesia {unknown}
 p - 3 scrolls of teleportation {unknown}
Potions
 g - a potion of cancellation {unknown}
 h - a potion of agility {unknown}
 k - 2 potions of lignification {unknown}
 l - a potion of curing {unknown}
 q - 3 potions of flight {unknown}
Comestibles
 c - 2 bread rations
 r - 3 fruits


   Skills:
 + Level 3.7 Fighting
 + Level 2.4 Axes
 * Level 2.9 Armour
 + Level 1.2 Dodging
 + Level 1.0 Stealth
 + Level 2.6 Invocations


You had 3 spell levels left.
You didn't know any spells.

Dungeon Overview and Level Annotations

Branches:
Dungeon (3/15)

Altars:

Annotations:
D:3 aocescu's ghost, amateur GrFi


Innate Abilities, Weirdness & Mutations

You have a moderately thin skeletal structure (Dex +4, Stealth+).


Message History

Aocescu's ghost hits you.
Your plate armour prevents you from hitting aocescu's ghost.
Aocescu's ghost hits you.
Aocescu's ghost hits you but does no damage.
You hit aocescu's ghost.
Aocescu's ghost is lightly damaged.
Aocescu's ghost hits you but does no damage.
Your plate armour prevents you from hitting aocescu's ghost.
Aocescu's ghost is lightly damaged.
Aocescu's ghost hits you!
You hit aocescu's ghost but do no damage.
Aocescu's ghost is lightly damaged.
Aocescu's ghost hits you!
* * * LOW HITPOINT WARNING * * *
You hit aocescu's ghost but do no damage.
Aocescu's ghost is lightly damaged.
Aocescu's ghost hits you but does no damage.
Aocescu's ghost keens inconsolably.
Aocescu's ghost hits you.
You die...

####....# ...
#....##.# #.
########.#####.# #
#.....#..# #.# #
#.....#.### #.# #
#.........####.# #
#.(...#......#.# #
#...W.#...##.#.# #
#...@.###.##.#.#### #
#....)............###
#.....#####....##....
#.....# ##....####.
####### ###.....###
#.<......##
#....#.....
#......#.#.
#....###.##


You could see aocescu's ghost.

Vanquished Creatures
  4 adders
  2 dart slugs
  3 giant geckos
  An orc (D:3)
  7 bats
  3 giant cockroaches
  4 goblins (D:2)
  7 hobgoblins
  4 jackals (D:1)
  9 kobolds
  A quokka (D:2)
  A giant newt (D:2)
  5 rats
51 creatures vanquished.

Notes
Turn   | Place    | Note
--------------------------------------------------------------
     0 | Abyss:1  | Gargoyl the Demonspawn Abyssal Knight began the quest for the Orb.
     0 | Abyss:1  | Reached XP level 1. HP: 18/18 MP: 2/2
    84 | Abyss:2  | Noticed a small abomination
    99 | Abyss:2  | Noticed a purple draconian scorcher
   101 | D:1      | Escaped the Abyss
   357 | D:1      | Reached skill level 1 in Dodging
   358 | D:1      | Gained mutation: You have a somewhat thin skeletal structure (Dex +2, Stealth). [demonic ancestry]
   358 | D:1      | Reached XP level 2. HP: 11/24 MP: 3/3
   362 | D:1      | Reached * piety under Lugonu
  1053 | D:1      | Gained mutation: You have a moderately thin skeletal structure (Dex +4, Stealth+). [demonic ancestry]
  1053 | D:1      | Reached XP level 3. HP: 26/29 MP: 4/4
  1451 | D:2      | Reached ** piety under Lugonu
  1469 | D:2      | Reached XP level 4. HP: 15/37 MP: 5/5
  1955 | D:2      | Reached skill level 1 in Stealth
  2419 | D:3      | Noticed aocescu's ghost (amateur GrFi)
  2554 | D:3      | Slain by aocescu's ghost

Skill      XL: |  1  2  3  4 |
---------------+-------------+-----
Axes           | 2 |  2.4
Armour         | 2 |  2.9
Dodging        | 1 |  1.2
Stealth        | 1 |  1.0
Fighting       | |  3.7
Invocations    | |  2.6

Action                   |  1- 3 |  4- 6 || total
-------------------------+-------+-------++-------
Melee: Hand axe          |   132 |    77 ||   209
Invok: Depart the Abyss  |     1 |       ||     1
  Eat: Chunk             |     2 |     3 ||     5
Armor: Leather armour    |    12 |       ||    12
       Plate armour      |   120 |    74 ||   194
Dodge: Dodged            |    59 |    14 ||    73
